[ AOE2 MATCH · #503857704 ]
UnrankedVietnamese vs Bohemians
[ REPLAY ANALYSIS · EXTRACTED FROM THE RECORDED GAME ]
Feudal
9:21
Castle
21:10
Imperial
—
| APM avg | 51.3 |
| APM peak | 100 |
| eAPM avg | 19.6 |
| Villagers / military | 63 / 50 |
Focus
⚔️ 38.7% · 🌾 61.3%
Knight ×36 · Scout Cavalry ×12 · Mangonel ×2
Feudal
9:35
Castle
22:55
Imperial
—
| APM avg | 62.3 |
| APM peak | 94 |
| eAPM avg | 26.2 |
| Villagers / military | 76 / 50 |
Focus
⚔️ 38.8% · 🌾 61.2%
Archer ×49 · Monk ×1
Feudal
9:16
Castle
22:36
Imperial
—
| APM avg | 62.0 |
| APM peak | 82 |
| eAPM avg | 27.1 |
| Villagers / military | 62 / 52 |
Focus
⚔️ 54.6% · 🌾 45.4%
Cavalry Archer ×33 · Skirmisher ×10 · Spearman ×6 · Militia ×3
Feudal
9:42
Castle
15:49
Imperial
—
| APM avg | 49.6 |
| APM peak | 79 |
| eAPM avg | 24.7 |
| Villagers / military | 43 / 28 |
Focus
⚔️ 48.1% · 🌾 51.9%
Knight ×16 · Monk ×5 · Battering Ram ×3 · Scorpion ×2 · Spearman ×1 · Scout Cavalry ×1
Feudal
9:15
Castle
21:46
Imperial
—
| APM avg | 57.3 |
| APM peak | 111 |
| eAPM avg | 31.1 |
| Villagers / military | 42 / 33 |
Focus
⚔️ 61.9% · 🌾 38.1%
Cavalry Archer ×19 · Militia ×6 · Skirmisher ×6 · Mangonel ×2
Feudal
9:16
Castle
20:02
Imperial
—
| APM avg | 69.4 |
| APM peak | 112 |
| eAPM avg | 30.8 |
| Villagers / military | 87 / 30 |
Focus
⚔️ 47.6% · 🌾 52.4%
Knight ×17 · Scout Cavalry ×9 · Spearman ×4
Feudal
11:28
Castle
15:29
Imperial
—
| APM avg | 72.9 |
| APM peak | 144 |
| eAPM avg | 28.9 |
| Villagers / military | 73 / 40 |
Focus
⚔️ 45.7% · 🌾 54.3%
Magyar Huszar ×37 · Monk ×3
Feudal
10:00
Castle
21:50
Imperial
—
| APM avg | 46.6 |
| APM peak | 89 |
| eAPM avg | 20.3 |
| Villagers / military | 80 / 53 |
Focus
⚔️ 44.6% · 🌾 55.4%
Archer ×52 · Spearman ×1
Match map
Initial resources + every placement click. Lines = walls · curves = elevation contours. ◆ gold · ⬟ stone · ● berries · ✦ relic · ◌ wall gap
Your base· ✓ Closed at 21:10 · 23t walls · 1 gate(s)
Rainbowlucho's base· ✓ Closed at 22:55 · 39t walls · no gate
小少少's base· Open — 4t gap
Ginger lee fondle your meatballs's base· Open — 9t gap
小米粒's base· ✓ Closed at 21:46 · 74t walls · no gate
Hui's base· ✓ Closed at 20:02 · 47t walls · no gate
ANKR.Blve's base· Open — 9t gap
Soma's base· Open — 1t gap
Smoothed initial terrain · ◌ = detected wall gap · hover for details
Inputs per minute
— [超雷大黑店]Jian Hei - - Rainbowlucho
Build order — [超雷大黑店]Jian Hei
First 150 of 203 actions detected
| 0:01 | Create | Villager (Male) |
| 0:01 | Create | Villager (Male) |
| 0:02 | Build | House |
| 0:03 | Build | House |
| 0:06 | Create | Villager (Male) |
| 0:06 | Create | Villager (Male) |
| 0:07 | Create | Villager (Male) |
| 1:23 | Create | Villager (Male) |
| 1:24 | Create | Villager (Male) |
| 1:24 | Create | Villager (Male) |
| 1:51 | Create | Villager (Male) |
| 1:52 | Create | Villager (Male) |
| 2:03 | Build | Mill |
| 2:08 | Build | Mill |
| 2:17 | Create | Villager (Male) |
| 2:18 | Create | Villager (Male) |
| 2:18 | Create | Villager (Male) |
| 2:48 | Create | Villager (Male) |
| 2:48 | Create | Villager (Male) |
| 3:09 | Create | Villager (Male) |
| 3:09 | Create | Villager (Male) |
| 3:37 | Create | Villager (Male) |
| 3:37 | Create | Villager (Male) |
| 3:57 | Build | House |
| 4:00 | Create | Villager (Male) |
| 4:01 | Create | Villager (Male) |
| 4:09 | Create | Villager (Male) |
| 4:09 | Create | Villager (Male) |
| 4:09 | Create | Villager (Male) |
| 4:27 | Create | Villager (Male) |
| 4:27 | Create | Villager (Male) |
| 4:59 | Build | Lumber Camp |
| 5:17 | Create | Villager (Male) |
| 5:20 | Research | Loom |
| 6:46 | Create | Villager (Male) |
| 6:57 | Research | Feudal Age |
| 6:57 | Research | Feudal Age |
| 7:28 | Build | House |
| 7:29 | Build | Palisade Wall |
| 7:34 | Create | Villager (Male) |
| 7:55 | Build | Barracks |
| 8:34 | Build | Palisade Gate |
| 9:21 | Age | Feudal Age |
| 9:23 | Build | Stable |
| 9:24 | Research | Double-Bit Axe |
| 9:24 | Research | Double-Bit Axe |
| 9:29 | Build | House |
| 9:33 | Create | Villager (Male) |
| 9:43 | Create | Villager (Male) |
| 10:12 | Research | Horse Collar |
| 10:18 | Research | Horse Collar |
| 10:19 | Create | Villager (Male) |
| 10:27 | Create | Villager (Male) |
| 10:28 | Build | Mill |
| 10:33 | Build | Mill |
| 10:36 | Create | Scout Cavalry |
| 10:37 | Create | Scout Cavalry |
| 10:40 | Build | Farm |
| 10:43 | Build | Farm |
| 10:51 | Build | House |
| 10:52 | Build | Palisade Wall |
| 11:08 | Create | Villager (Male) |
| 11:17 | Create | Scout Cavalry |
| 11:20 | Create | Villager (Male) |
| 11:21 | Build | Farm |
| 11:23 | Build | Farm |
| 11:32 | Build | Palisade Wall |
| 11:45 | Build | Farm |
| 11:58 | Build | House |
| 12:01 | Create | Scout Cavalry |
| 12:04 | Create | Villager (Male) |
| 12:09 | Build | Farm |
| 12:16 | Create | Scout Cavalry |
| 12:27 | Create | Villager (Male) |
| 12:28 | Build | Farm |
| 12:41 | Build | Palisade Wall |
| 12:51 | Create | Scout Cavalry |
| 12:54 | Build | Farm |
| 12:56 | Build | Farm |
| 13:06 | Create | Villager (Male) |
| 13:15 | Create | Villager (Male) |
| 13:17 | Build | Farm |
| 13:20 | Build | Farm |
| 13:35 | Build | House |
| 13:38 | Create | Villager (Male) |
| 13:40 | Build | Farm |
| 13:43 | Build | House |
| 13:45 | Build | Palisade Wall |
| 14:11 | Create | Villager (Male) |
| 14:15 | Build | Farm |
| 14:15 | Build | Farm |
| 14:45 | Build | House |
| 14:47 | Research | Wheelbarrow |
| 14:58 | Create | Villager (Male) |
| 14:59 | Build | Mining Camp |
| 15:23 | Build | Blacksmith |
| 15:27 | Create | Villager (Male) |
| 15:40 | Build | Farm |
| 16:15 | Create | Villager (Male) |
| 16:25 | Build | Lumber Camp |
| 16:30 | Create | Scout Cavalry |
| 16:33 | Research | Scale Barding Armor |
| 16:34 | Create | Villager (Male) |
| 16:44 | Create | Villager (Male) |
| 16:58 | Research | Bloodlines |
| 16:59 | Research | Bloodlines |
| 17:25 | Create | Villager (Male) |
| 17:41 | Build | Market |
| 17:55 | Create | Villager (Male) |
| 18:30 | Research | Castle Age |
| 18:30 | Research | Castle Age |
| 18:37 | Create | Scout Cavalry |
| 18:37 | Create | Scout Cavalry |
| 18:49 | Build | Lumber Camp |
| 19:09 | Create | Scout Cavalry |
| 19:19 | Research | Gold Mining |
| 19:29 | Create | Scout Cavalry |
| 19:44 | Build | House |
| 19:45 | Build | House |
| 19:54 | Create | Scout Cavalry |
| 20:02 | Build | Stable |
| 20:08 | Research | Forging |
| 20:14 | Build | Farm |
| 20:17 | Build | Farm |
| 21:08 | Create | Villager (Male) |
| 21:10 | Age | Castle Age |
| 21:12 | Research | Light Cavalry (upgrade) |
| 21:14 | Research | Husbandry |
| 21:14 | Research | Husbandry |
| 21:15 | Research | Husbandry |
| 21:17 | Create | Knight |
| 21:17 | Create | Knight |
| 21:17 | Create | Knight |
| 21:20 | Create | Villager (Male) |
| 21:23 | Build | Farm |
| 21:24 | Build | Farm |
| 21:24 | Build | Farm |
| 21:27 | Build | Farm |
| 21:28 | Build | Farm |
| 21:31 | Build | Stable |
| 21:43 | Research | Chain Barding Armor |
| 21:43 | Research | Chain Barding Armor |
| 21:43 | Research | Chain Barding Armor |
| 21:53 | Create | Villager (Male) |
| 21:56 | Build | Farm |
| 21:59 | Create | Knight |
| 22:00 | Create | Knight |
| 22:17 | Create | Knight |
| 22:17 | Create | Knight |
| 22:23 | Create | Knight |
Build order — Rainbowlucho
First 150 of 217 actions detected
| 0:01 | Create | Villager (Male) |
| 0:01 | Create | Villager (Male) |
| 0:01 | Create | Villager (Male) |
| 0:02 | Create | Villager (Male) |
| 0:03 | Build | House |
| 0:03 | Build | House |
| 1:10 | Create | Villager (Male) |
| 1:11 | Create | Villager (Male) |
| 1:41 | Create | Villager (Male) |
| 1:46 | Build | Lumber Camp |
| 2:07 | Create | Villager (Male) |
| 2:07 | Create | Villager (Male) |
| 2:40 | Create | Villager (Male) |
| 2:40 | Create | Villager (Male) |
| 2:58 | Build | House |
| 3:07 | Create | Villager (Male) |
| 3:30 | Build | Mill |
| 3:32 | Create | Villager (Male) |
| 4:20 | Create | Villager (Male) |
| 4:20 | Create | Villager (Male) |
| 4:20 | Create | Villager (Male) |
| 4:21 | Create | Villager (Male) |
| 4:49 | Research | Loom |
| 4:49 | Research | Loom |
| 4:51 | Build | House |
| 5:07 | Create | Villager (Male) |
| 5:14 | Create | Villager (Male) |
| 5:19 | Create | Villager (Male) |
| 5:36 | Create | Villager (Male) |
| 6:06 | Create | Villager (Male) |
| 6:29 | Create | Villager (Male) |
| 6:33 | Build | House |
| 7:03 | Build | Palisade Wall |
| 7:04 | Build | House |
| 7:25 | Research | Feudal Age |
| 7:25 | Research | Feudal Age |
| 7:45 | Build | Mining Camp |
| 7:53 | Build | Mining Camp |
| 8:44 | Build | Barracks |
| 9:16 | Create | Villager (Male) |
| 9:32 | Create | Villager (Male) |
| 9:35 | Age | Feudal Age |
| 9:43 | Create | Villager (Male) |
| 9:54 | Build | Archery Range |
| 9:54 | Build | Archery Range |
| 10:04 | Build | Archery Range |
| 10:11 | Create | Villager (Male) |
| 10:18 | Research | Double-Bit Axe |
| 10:18 | Research | Double-Bit Axe |
| 10:40 | Build | House |
| 10:40 | Build | Palisade Wall |
| 10:42 | Build | Palisade Wall |
| 10:47 | Create | Villager (Male) |
| 10:53 | Create | Villager (Male) |
| 10:55 | Build | House |
| 10:56 | Build | Palisade Wall |
| 11:05 | Create | Villager (Male) |
| 11:08 | Create | Archer |
| 11:08 | Create | Archer |
| 11:29 | Build | House |
| 11:31 | Build | Palisade Wall |
| 11:33 | Build | Palisade Wall |
| 11:35 | Create | Archer |
| 11:36 | Create | Archer |
| 11:38 | Create | Villager (Male) |
| 11:52 | Create | Villager (Male) |
| 11:54 | Create | Archer |
| 12:06 | Create | Archer |
| 12:25 | Build | Blacksmith |
| 12:27 | Create | Villager (Male) |
| 12:30 | Build | House |
| 12:32 | Build | House |
| 12:33 | Build | House |
| 12:38 | Create | Villager (Male) |
| 12:39 | Create | Villager (Male) |
| 12:40 | Create | Archer |
| 12:40 | Create | Archer |
| 12:49 | Create | Villager (Male) |
| 12:50 | Create | Archer |
| 12:50 | Create | Archer |
| 12:58 | Build | House |
| 13:08 | Research | Fletching |
| 13:08 | Research | Fletching |
| 13:11 | Create | Villager (Male) |
| 13:16 | Build | House |
| 13:25 | Build | Mill |
| 13:31 | Create | Archer |
| 13:32 | Create | Archer |
| 13:32 | Create | Archer |
| 13:33 | Create | Villager (Male) |
| 13:42 | Create | Archer |
| 13:49 | Build | House |
| 13:52 | Build | House |
| 13:57 | Build | House |
| 13:59 | Create | Villager (Male) |
| 14:01 | Create | Villager (Male) |
| 14:05 | Build | Palisade Wall |
| 14:07 | Create | Archer |
| 14:31 | Create | Archer |
| 15:01 | Create | Villager (Male) |
| 15:02 | Create | Archer |
| 15:07 | Build | Farm |
| 15:08 | Build | Farm |
| 15:19 | Create | Archer |
| 15:31 | Create | Villager (Male) |
| 15:32 | Create | Archer |
| 15:49 | Create | Archer |
| 15:51 | Create | Villager (Male) |
| 15:53 | Build | Farm |
| 15:54 | Build | Farm |
| 16:01 | Create | Archer |
| 16:09 | Build | Farm |
| 16:11 | Build | Farm |
| 16:19 | Create | Villager (Male) |
| 16:25 | Build | Farm |
| 16:38 | Build | House |
| 16:39 | Create | Archer |
| 16:39 | Create | Archer |
| 16:42 | Create | Villager (Male) |
| 16:44 | Build | Farm |
| 17:02 | Create | Archer |
| 17:06 | Create | Villager (Male) |
| 17:16 | Create | Archer |
| 17:25 | Create | Villager (Male) |
| 17:33 | Create | Villager (Male) |
| 17:36 | Build | Farm |
| 17:37 | Build | Farm |
| 17:38 | Build | Farm |
| 17:39 | Build | Farm |
| 17:41 | Research | Wheelbarrow |
| 17:41 | Research | Wheelbarrow |
| 18:16 | Create | Villager (Male) |
| 18:19 | Build | Farm |
| 18:20 | Build | Farm |
| 18:24 | Create | Archer |
| 18:25 | Create | Archer |
| 18:29 | Create | Villager (Male) |
| 18:57 | Build | Market |
| 19:00 | Create | Villager (Male) |
| 19:01 | Create | Archer |
| 19:01 | Create | Archer |
| 19:19 | Create | Villager (Male) |
| 19:30 | Build | House |
| 19:35 | Create | Archer |
| 19:36 | Create | Archer |
| 20:15 | Research | Castle Age |
| 20:15 | Research | Castle Age |
| 20:27 | Create | Archer |
| 20:27 | Create | Archer |
| 20:27 | Create | Archer |
Build order — 小少少
First 150 of 208 actions detected
| 0:01 | Create | Villager (Male) |
| 0:01 | Create | Villager (Male) |
| 0:01 | Create | Villager (Male) |
| 0:02 | Build | House |
| 0:06 | Create | Villager (Male) |
| 0:06 | Create | Villager (Male) |
| 1:29 | Create | Villager (Male) |
| 1:33 | Build | House |
| 1:48 | Build | House |
| 1:54 | Create | Villager (Male) |
| 2:29 | Create | Villager (Male) |
| 2:42 | Create | Villager (Male) |
| 2:42 | Create | Villager (Male) |
| 2:59 | Build | Lumber Camp |
| 3:05 | Create | Villager (Male) |
| 3:26 | Create | Villager (Male) |
| 3:27 | Create | Villager (Male) |
| 3:48 | Create | Villager (Male) |
| 3:48 | Create | Villager (Male) |
| 4:16 | Create | Villager (Male) |
| 4:18 | Create | Villager (Male) |
| 4:36 | Create | Villager (Male) |
| 4:51 | Research | Loom |
| 4:51 | Create | Villager (Male) |
| 5:11 | Build | Mill |
| 5:21 | Create | Villager (Male) |
| 5:21 | Create | Villager (Male) |
| 5:33 | Build | House |
| 5:46 | Build | Palisade Wall |
| 6:05 | Build | Palisade Wall |
| 6:22 | Create | Villager (Male) |
| 7:00 | Research | Feudal Age |
| 7:00 | Research | Feudal Age |
| 7:42 | Build | Barracks |
| 7:43 | Build | Palisade Wall |
| 7:44 | Build | Palisade Wall |
| 7:55 | Build | Palisade Wall |
| 7:55 | Build | Palisade Wall |
| 7:55 | Build | Palisade Wall |
| 8:11 | Create | Villager (Male) |
| 8:18 | Build | House |
| 8:25 | Build | Palisade Wall |
| 8:35 | Build | Palisade Wall |
| 8:36 | Build | Palisade Wall |
| 8:43 | Create | Militia |
| 8:43 | Create | Militia |
| 8:44 | Create | Militia |
| 9:06 | Build | House |
| 9:16 | Age | Feudal Age |
| 9:22 | Build | Mill |
| 9:46 | Research | Man-at-Arms (upgrade) |
| 9:50 | Create | Villager (Male) |
| 10:03 | Create | Spearman |
| 10:04 | Create | Villager (Male) |
| 10:05 | Research | Double-Bit Axe |
| 10:08 | Build | Farm |
| 10:17 | Create | Villager (Male) |
| 10:32 | Build | Farm |
| 10:36 | Create | Spearman |
| 10:37 | Create | Spearman |
| 10:49 | Create | Villager (Male) |
| 10:54 | Build | House |
| 10:54 | Build | Palisade Wall |
| 10:55 | Build | Palisade Wall |
| 10:56 | Build | Palisade Wall |
| 11:11 | Build | Farm |
| 11:20 | Create | Villager (Male) |
| 11:36 | Create | Villager (Male) |
| 11:52 | Create | Villager (Male) |
| 12:14 | Build | Archery Range |
| 12:17 | Create | Villager (Male) |
| 12:42 | Build | Farm |
| 12:45 | Build | Farm |
| 12:46 | Build | Farm |
| 12:49 | Create | Villager (Male) |
| 13:02 | Create | Skirmisher |
| 13:02 | Create | Skirmisher |
| 13:04 | Build | House |
| 13:37 | Create | Villager (Male) |
| 13:38 | Create | Skirmisher |
| 13:39 | Create | Villager (Male) |
| 13:39 | Create | Villager (Male) |
| 13:50 | Build | Farm |
| 13:50 | Build | Farm |
| 13:52 | Build | Farm |
| 13:53 | Build | Farm |
| 13:57 | Create | Skirmisher |
| 13:58 | Create | Villager (Male) |
| 14:05 | Build | Blacksmith |
| 14:25 | Create | Skirmisher |
| 14:26 | Create | Spearman |
| 14:33 | Research | Fletching |
| 14:35 | Build | Farm |
| 14:39 | Build | Farm |
| 14:42 | Create | Villager (Male) |
| 15:02 | Build | Lumber Camp |
| 15:04 | Create | Villager (Male) |
| 15:12 | Create | Skirmisher |
| 15:17 | Build | Farm |
| 15:19 | Create | Villager (Male) |
| 15:34 | Create | Skirmisher |
| 15:35 | Create | Villager (Male) |
| 15:52 | Build | Farm |
| 15:54 | Build | Farm |
| 15:55 | Build | Farm |
| 15:58 | Build | Farm |
| 16:03 | Research | Padded Archer Armor |
| 16:03 | Research | Padded Archer Armor |
| 16:14 | Build | Farm |
| 16:19 | Build | Farm |
| 16:25 | Create | Villager (Male) |
| 16:26 | Create | Villager (Male) |
| 16:30 | Build | House |
| 16:31 | Build | House |
| 16:34 | Build | House |
| 16:34 | Build | House |
| 16:40 | Create | Spearman |
| 16:47 | Create | Villager (Male) |
| 16:49 | Create | Spearman |
| 16:56 | Build | House |
| 17:01 | Create | Skirmisher |
| 17:14 | Create | Skirmisher |
| 17:17 | Create | Villager (Male) |
| 17:19 | Build | Farm |
| 17:21 | Build | Farm |
| 17:51 | Build | Mining Camp |
| 17:57 | Create | Villager (Male) |
| 18:16 | Create | Villager (Male) |
| 18:27 | Build | House |
| 18:33 | Create | Villager (Male) |
| 18:37 | Create | Skirmisher |
| 18:54 | Build | House |
| 19:10 | Create | Villager (Male) |
| 19:26 | Build | House |
| 19:36 | Build | Palisade Wall |
| 19:51 | Build | House |
| 19:56 | Research | Castle Age |
| 19:56 | Research | Castle Age |
| 19:58 | Research | Horse Collar |
| 20:28 | Research | Gold Mining |
| 20:28 | Research | Gold Mining |
| 20:31 | Build | Archery Range |
| 20:37 | Build | Archery Range |
| 21:29 | Build | Stable |
| 21:52 | Create | Villager (Male) |
| 22:27 | Research | Bloodlines |
| 22:36 | Age | Castle Age |
| 22:41 | Research | Bodkin Arrow |
| 22:42 | Research | Bodkin Arrow |
| 22:42 | Create | Cavalry Archer |
Build order — Ginger lee fondle your meatballs
127 actions detected in the replay
| 0:02 | Create | Villager (Male) |
| 0:02 | Create | Villager (Male) |
| 0:03 | Build | House |
| 0:04 | Build | House |
| 0:07 | Create | Villager (Male) |
| 0:13 | Create | Villager (Male) |
| 0:13 | Create | Villager (Male) |
| 1:22 | Create | Villager (Male) |
| 1:22 | Create | Villager (Male) |
| 1:42 | Create | Villager (Male) |
| 1:42 | Create | Villager (Male) |
| 2:00 | Build | Mill |
| 2:14 | Create | Villager (Male) |
| 2:14 | Create | Villager (Male) |
| 2:43 | Create | Villager (Male) |
| 3:04 | Create | Villager (Male) |
| 3:04 | Create | Villager (Male) |
| 3:37 | Create | Villager (Male) |
| 3:37 | Create | Villager (Male) |
| 3:58 | Create | Villager (Male) |
| 4:03 | Build | House |
| 4:11 | Create | Villager (Male) |
| 4:12 | Create | Villager (Male) |
| 4:12 | Create | Villager (Male) |
| 4:35 | Create | Villager (Male) |
| 4:43 | Create | Villager (Male) |
| 5:04 | Build | House |
| 6:23 | Create | Villager (Male) |
| 6:30 | Build | Lumber Camp |
| 6:41 | Build | Lumber Camp |
| 6:41 | Create | Villager (Male) |
| 7:27 | Research | Feudal Age |
| 7:27 | Research | Feudal Age |
| 7:44 | Build | Mill |
| 8:01 | Research | Loom |
| 8:01 | Research | Loom |
| 8:01 | Research | Loom |
| 8:11 | Create | Villager (Male) |
| 8:15 | Create | Villager (Male) |
| 8:34 | Create | Villager (Male) |
| 9:05 | Create | Villager (Male) |
| 9:42 | Age | Feudal Age |
| 9:58 | Build | Barracks |
| 10:11 | Create | Villager (Male) |
| 10:28 | Create | Villager (Male) |
| 10:53 | Create | Spearman |
| 11:55 | Build | Stable |
| 12:15 | Build | Market |
| 12:26 | Build | House |
| 12:38 | Build | House |
| 13:03 | Build | Palisade Wall |
| 13:09 | Research | Castle Age |
| 13:09 | Research | Castle Age |
| 13:09 | Research | Castle Age |
| 13:16 | Build | Mining Camp |
| 13:29 | Build | House |
| 13:41 | Create | Scout Cavalry |
| 13:46 | Build | House |
| 14:02 | Build | Farm |
| 14:04 | Build | Farm |
| 14:07 | Build | Farm |
| 14:09 | Build | Farm |
| 14:13 | Research | Gold Mining |
| 14:13 | Research | Gold Mining |
| 14:51 | Build | Farm |
| 15:23 | Research | Double-Bit Axe |
| 15:24 | Research | Double-Bit Axe |
| 15:49 | Age | Castle Age |
| 15:57 | Create | Knight |
| 15:58 | Create | Knight |
| 16:07 | Build | Palisade Wall |
| 16:08 | Build | Palisade Wall |
| 16:40 | Build | Farm |
| 16:51 | Create | Knight |
| 17:21 | Create | Knight |
| 17:21 | Create | Knight |
| 17:29 | Create | Villager (Male) |
| 17:31 | Create | Knight |
| 17:40 | Build | Farm |
| 17:43 | Build | Farm |
| 17:52 | Build | House |
| 18:06 | Build | Lumber Camp |
| 18:20 | Build | Blacksmith |
| 18:23 | Create | Villager (Male) |
| 18:34 | Create | Knight |
| 18:34 | Create | Knight |
| 18:45 | Build | Siege Workshop |
| 18:51 | Create | Villager (Male) |
| 19:11 | Create | Knight |
| 19:27 | Create | Battering Ram |
| 19:30 | Build | House |
| 19:31 | Create | Villager (Male) |
| 19:47 | Create | Knight |
| 20:00 | Build | House |
| 20:08 | Create | Battering Ram |
| 20:15 | Create | Knight |
| 20:29 | Create | Scorpion |
| 20:36 | Create | Villager (Male) |
| 20:41 | Create | Villager (Male) |
| 21:20 | Build | Monastery |
| 21:38 | Create | Scorpion |
| 22:05 | Create | Knight |
| 22:06 | Create | Villager (Male) |
| 22:20 | Create | Monk |
| 22:26 | Create | Knight |
| 22:34 | Create | Villager (Male) |
| 22:38 | Create | Villager (Male) |
| 22:41 | Create | Battering Ram |
| 22:42 | Create | Villager (Male) |
| 22:48 | Build | House |
| 22:50 | Build | Palisade Wall |
| 22:52 | Build | Palisade Wall |
| 22:54 | Build | Palisade Wall |
| 22:55 | Create | Knight |
| 23:10 | Build | Palisade Wall |
| 23:30 | Create | Monk |
| 23:45 | Create | Knight |
| 23:47 | Create | Villager (Male) |
| 23:57 | Build | House |
| 24:04 | Create | Knight |
| 24:06 | Build | Palisade Wall |
| 24:26 | Create | Monk |
| 25:09 | Create | Monk |
| 25:13 | Build | House |
| 25:34 | Create | Villager (Male) |
| 26:06 | Create | Monk |
| 26:13 | Create | Villager (Male) |
Build order — 小米粒
First 150 of 164 actions detected
| 0:00 | Create | Villager (Male) |
| 0:01 | Build | House |
| 0:03 | Build | House |
| 0:07 | Create | Villager (Male) |
| 0:10 | Create | Villager (Male) |
| 0:17 | Create | Villager (Male) |
| 0:18 | Create | Villager (Male) |
| 1:27 | Create | Villager (Male) |
| 1:27 | Create | Villager (Male) |
| 2:02 | Create | Villager (Male) |
| 2:21 | Create | Villager (Male) |
| 2:21 | Create | Villager (Male) |
| 2:41 | Create | Villager (Male) |
| 2:41 | Create | Villager (Male) |
| 3:04 | Create | Villager (Male) |
| 3:07 | Create | Villager (Male) |
| 3:17 | Research | Loom |
| 3:23 | Build | House |
| 3:39 | Create | Villager (Male) |
| 4:27 | Create | Villager (Male) |
| 4:37 | Create | Villager (Male) |
| 4:42 | Build | Barracks |
| 4:43 | Build | House |
| 4:51 | Build | Palisade Wall |
| 4:53 | Build | Palisade Wall |
| 5:09 | Create | Villager (Male) |
| 5:12 | Create | Villager (Male) |
| 5:41 | Build | Palisade Wall |
| 5:42 | Build | Palisade Wall |
| 5:46 | Create | Villager (Male) |
| 6:20 | Research | Loom |
| 7:01 | Research | Feudal Age |
| 7:01 | Research | Feudal Age |
| 7:01 | Research | Feudal Age |
| 7:17 | Create | Militia |
| 7:17 | Create | Militia |
| 7:20 | Build | Mule Cart |
| 7:35 | Create | Militia |
| 7:36 | Create | Militia |
| 8:06 | Create | Militia |
| 8:18 | Build | Mill |
| 8:47 | Build | House |
| 8:48 | Build | Palisade Wall |
| 8:59 | Create | Villager (Male) |
| 9:15 | Age | Feudal Age |
| 9:19 | Research | Man-at-Arms (upgrade) |
| 9:19 | Research | Man-at-Arms (upgrade) |
| 9:27 | Create | Villager (Male) |
| 9:32 | Build | Palisade Wall |
| 9:46 | Create | Militia |
| 9:58 | Build | Palisade Wall |
| 10:03 | Research | Man-at-Arms (upgrade) |
| 10:03 | Research | Man-at-Arms (upgrade) |
| 10:09 | Build | Farm |
| 10:09 | Build | Farm |
| 10:13 | Create | Villager (Male) |
| 10:25 | Build | Farm |
| 10:25 | Build | Farm |
| 10:37 | Create | Villager (Male) |
| 10:40 | Build | Palisade Wall |
| 10:53 | Create | Villager (Male) |
| 11:13 | Build | Palisade Wall |
| 11:25 | Create | Villager (Male) |
| 11:30 | Build | Archery Range |
| 11:50 | Create | Villager (Male) |
| 11:54 | Build | Palisade Wall |
| 11:56 | Build | Palisade Wall |
| 12:04 | Build | Farm |
| 12:12 | Create | Villager (Male) |
| 12:22 | Build | House |
| 12:26 | Research | Town Watch |
| 12:28 | Create | Skirmisher |
| 12:41 | Create | Skirmisher |
| 12:54 | Build | House |
| 13:08 | Create | Skirmisher |
| 13:09 | Create | Villager (Male) |
| 13:14 | Build | Farm |
| 13:25 | Build | House |
| 13:35 | Create | Villager (Male) |
| 13:56 | Create | Villager (Male) |
| 13:58 | Build | House |
| 14:03 | Create | Skirmisher |
| 14:04 | Create | Villager (Male) |
| 14:10 | Build | House |
| 14:11 | Build | Palisade Wall |
| 14:18 | Build | Blacksmith |
| 14:30 | Research | Double-Bit Axe |
| 14:30 | Research | Double-Bit Axe |
| 14:33 | Build | House |
| 14:34 | Create | Villager (Male) |
| 15:21 | Create | Villager (Male) |
| 15:25 | Build | Farm |
| 15:25 | Build | Farm |
| 15:33 | Build | House |
| 15:33 | Build | House |
| 15:36 | Research | Fletching |
| 15:41 | Create | Villager (Male) |
| 15:44 | Build | Farm |
| 15:44 | Build | Farm |
| 15:53 | Create | Villager (Male) |
| 16:05 | Build | Farm |
| 16:08 | Build | Farm |
| 16:08 | Build | Farm |
| 16:14 | Create | Skirmisher |
| 16:19 | Build | Palisade Wall |
| 16:37 | Create | Villager (Male) |
| 16:38 | Build | Farm |
| 16:39 | Create | Skirmisher |
| 16:42 | Build | House |
| 16:42 | Build | House |
| 17:04 | Create | Villager (Male) |
| 17:25 | Create | Villager (Male) |
| 17:26 | Build | Farm |
| 17:27 | Build | Farm |
| 17:54 | Build | Archery Range |
| 17:57 | Create | Villager (Male) |
| 18:03 | Build | House |
| 18:08 | Build | House |
| 18:12 | Build | Palisade Wall |
| 18:25 | Create | Villager (Male) |
| 19:06 | Research | Castle Age |
| 19:07 | Research | Castle Age |
| 19:19 | Build | Watch Tower |
| 19:28 | Build | Mule Cart |
| 19:38 | Build | Mule Cart |
| 20:08 | Create | Villager (Male) |
| 20:10 | Build | House |
| 20:12 | Build | House |
| 20:21 | Build | House |
| 20:23 | Build | Palisade Wall |
| 20:32 | Research | Padded Archer Armor |
| 20:32 | Research | Padded Archer Armor |
| 20:49 | Build | House |
| 20:59 | Build | Archery Range |
| 21:01 | Build | Archery Range |
| 21:12 | Build | House |
| 21:17 | Build | House |
| 21:32 | Build | Archery Range |
| 21:46 | Age | Castle Age |
| 21:49 | Build | Monastery |
| 21:51 | Create | Cavalry Archer |
| 21:51 | Create | Cavalry Archer |
| 21:51 | Create | Cavalry Archer |
| 21:55 | Build | Siege Workshop |
| 22:05 | Build | House |
| 22:13 | Create | Cavalry Archer |
| 22:14 | Create | Cavalry Archer |
| 22:14 | Create | Cavalry Archer |
| 22:19 | Build | House |
| 22:43 | Create | Cavalry Archer |
Build order — Hui
First 150 of 205 actions detected
| 0:01 | Create | Villager (Male) |
| 0:01 | Create | Villager (Male) |
| 0:02 | Build | House |
| 0:04 | Build | House |
| 0:10 | Create | Villager (Male) |
| 0:11 | Create | Villager (Male) |
| 0:11 | Create | Villager (Male) |
| 1:25 | Create | Villager (Male) |
| 1:25 | Create | Villager (Male) |
| 1:50 | Create | Villager (Male) |
| 2:11 | Create | Villager (Male) |
| 2:12 | Create | Villager (Male) |
| 2:34 | Create | Villager (Male) |
| 3:08 | Create | Villager (Male) |
| 3:08 | Create | Villager (Male) |
| 3:38 | Create | Villager (Male) |
| 3:38 | Create | Villager (Male) |
| 3:39 | Create | Villager (Male) |
| 3:54 | Build | House |
| 4:00 | Create | Villager (Male) |
| 4:34 | Build | Lumber Camp |
| 4:39 | Create | Villager (Male) |
| 4:40 | Create | Villager (Male) |
| 4:40 | Create | Villager (Male) |
| 5:09 | Build | Mill |
| 5:35 | Create | Villager (Male) |
| 5:35 | Create | Villager (Male) |
| 5:49 | Create | Villager (Male) |
| 5:49 | Create | Villager (Male) |
| 5:50 | Create | Villager (Male) |
| 6:04 | Create | Villager (Male) |
| 6:06 | Research | Loom |
| 7:03 | Research | Feudal Age |
| 7:03 | Research | Feudal Age |
| 7:21 | Build | House |
| 7:31 | Create | Villager (Male) |
| 8:06 | Build | Barracks |
| 8:33 | Build | House |
| 9:16 | Age | Feudal Age |
| 9:22 | Build | Stable |
| 9:28 | Research | Double-Bit Axe |
| 9:28 | Research | Double-Bit Axe |
| 9:35 | Create | Villager (Male) |
| 9:47 | Build | House |
| 9:52 | Build | House |
| 9:54 | Build | Palisade Wall |
| 10:04 | Create | Scout Cavalry |
| 10:05 | Create | Villager (Male) |
| 10:08 | Build | Mill |
| 10:23 | Create | Villager (Male) |
| 10:26 | Create | Scout Cavalry |
| 10:45 | Build | House |
| 10:52 | Create | Villager (Male) |
| 11:07 | Create | Scout Cavalry |
| 11:07 | Create | Scout Cavalry |
| 11:08 | Create | Scout Cavalry |
| 11:23 | Create | Villager (Male) |
| 11:26 | Build | Farm |
| 11:29 | Build | Farm |
| 11:44 | Create | Villager (Male) |
| 12:06 | Build | Farm |
| 12:06 | Create | Villager (Male) |
| 12:09 | Build | House |
| 12:11 | Create | Scout Cavalry |
| 12:14 | Build | Farm |
| 12:29 | Create | Villager (Male) |
| 12:48 | Create | Scout Cavalry |
| 12:49 | Create | Villager (Male) |
| 12:51 | Build | Farm |
| 13:02 | Build | Farm |
| 13:07 | Build | House |
| 13:20 | Create | Villager (Male) |
| 13:28 | Build | Farm |
| 13:30 | Build | Farm |
| 13:49 | Create | Villager (Male) |
| 13:59 | Build | Mining Camp |
| 14:01 | Create | Scout Cavalry |
| 14:09 | Build | Farm |
| 14:12 | Build | Farm |
| 14:13 | Create | Villager (Male) |
| 14:15 | Build | Farm |
| 14:24 | Create | Scout Cavalry |
| 14:33 | Build | Palisade Wall |
| 14:52 | Create | Villager (Male) |
| 15:16 | Create | Villager (Male) |
| 15:21 | Build | Palisade Wall |
| 15:23 | Build | Palisade Wall |
| 15:35 | Build | Farm |
| 15:38 | Build | Farm |
| 15:40 | Create | Villager (Male) |
| 16:02 | Create | Villager (Male) |
| 16:07 | Build | Blacksmith |
| 16:26 | Create | Villager (Male) |
| 16:49 | Create | Villager (Male) |
| 17:11 | Research | Castle Age |
| 17:11 | Research | Castle Age |
| 17:18 | Build | Lumber Camp |
| 17:19 | Build | Farm |
| 18:18 | Build | Stable |
| 18:24 | Create | Villager (Male) |
| 18:25 | Research | Forging |
| 18:25 | Research | Forging |
| 18:35 | Build | Farm |
| 18:37 | Build | Farm |
| 18:56 | Build | Palisade Wall |
| 19:02 | Build | Farm |
| 19:24 | Research | Scale Barding Armor |
| 19:24 | Research | Scale Barding Armor |
| 19:41 | Build | House |
| 19:54 | Build | House |
| 20:02 | Age | Castle Age |
| 20:05 | Create | Knight |
| 20:06 | Create | Knight |
| 20:06 | Create | Knight |
| 20:14 | Build | House |
| 20:20 | Create | Villager (Male) |
| 20:29 | Create | Knight |
| 20:29 | Create | Knight |
| 20:37 | Create | Villager (Male) |
| 20:41 | Create | Knight |
| 20:41 | Create | Knight |
| 20:43 | Create | Villager (Male) |
| 20:53 | Create | Spearman |
| 21:04 | Build | Town Center |
| 21:05 | Create | Villager (Male) |
| 21:12 | Create | Spearman |
| 21:17 | Create | Villager (Male) |
| 21:29 | Create | Spearman |
| 21:36 | Create | Villager (Male) |
| 21:42 | Create | Villager (Male) |
| 21:45 | Create | Villager (Male) |
| 22:00 | Create | Villager (Male) |
| 22:00 | Create | Villager (Male) |
| 22:17 | Create | Villager (Male) |
| 22:19 | Create | Villager (Male) |
| 22:28 | Build | Town Center |
| 22:36 | Create | Spearman |
| 22:43 | Create | Villager (Male) |
| 22:45 | Build | Farm |
| 22:47 | Build | Farm |
| 22:58 | Create | Villager (Male) |
| 22:58 | Create | Villager (Male) |
| 23:07 | Build | House |
| 23:15 | Create | Villager (Male) |
| 23:15 | Create | Villager (Male) |
| 23:18 | Build | Farm |
| 23:19 | Build | Farm |
| 23:28 | Build | Farm |
| 23:30 | Build | Farm |
| 23:55 | Create | Villager (Male) |
Build order — ANKR.Blve
First 150 of 180 actions detected
| 0:07 | Create | Villager (Male) ×4 |
| 0:08 | Create | Villager (Male) ×4 |
| 0:09 | Build | House |
| 1:29 | Build | House |
| 1:30 | Build | House |
| 1:31 | Create | Villager (Male) |
| 2:00 | Create | Villager (Male) |
| 2:06 | Build | Lumber Camp |
| 2:31 | Create | Villager (Male) |
| 3:00 | Create | Villager (Male) |
| 3:23 | Create | Villager (Male) |
| 3:51 | Create | Villager (Male) |
| 3:51 | Create | Villager (Male) |
| 4:01 | Create | Villager (Male) |
| 4:36 | Create | Villager (Male) |
| 4:36 | Create | Villager (Male) |
| 4:46 | Build | Mill |
| 4:59 | Create | Villager (Male) |
| 5:17 | Create | Villager (Male) |
| 5:33 | Build | Mill |
| 5:52 | Build | House |
| 5:58 | Create | Villager (Male) |
| 6:03 | Create | Villager (Male) |
| 6:20 | Build | House |
| 6:26 | Create | Villager (Male) |
| 6:52 | Create | Villager (Male) |
| 6:57 | Create | Villager (Male) |
| 6:59 | Create | Villager (Male) |
| 7:06 | Create | Villager (Male) |
| 7:25 | Create | Villager (Male) |
| 8:13 | Create | Villager (Male) |
| 8:14 | Research | Loom |
| 8:25 | Build | Farm |
| 8:38 | Build | Mining Camp |
| 8:51 | Build | Farm |
| 9:10 | Research | Feudal Age |
| 9:53 | Build | Palisade Wall |
| 10:08 | Build | Palisade Wall |
| 10:18 | Build | Palisade Wall |
| 10:40 | Build | House |
| 10:51 | Build | Palisade Wall |
| 11:00 | Create | Villager (Male) |
| 11:28 | Age | Feudal Age |
| 11:31 | Build | Market |
| 11:44 | Build | House |
| 11:52 | Create | Villager (Male) |
| 12:02 | Build | House |
| 12:13 | Create | Villager (Male) |
| 12:21 | Build | Blacksmith |
| 12:49 | Research | Castle Age |
| 12:49 | Research | Castle Age |
| 13:06 | Build | Palisade Wall |
| 13:17 | Research | Double-Bit Axe |
| 13:17 | Research | Double-Bit Axe |
| 14:00 | Build | Farm |
| 14:04 | Create | Villager (Male) |
| 14:05 | Create | Villager (Male) |
| 14:07 | Create | Villager (Male) |
| 14:11 | Build | Farm |
| 14:14 | Create | Villager (Male) |
| 14:34 | Build | Farm |
| 15:29 | Age | Castle Age |
| 15:34 | Build | Castle |
| 15:43 | Build | Farm |
| 15:45 | Create | Villager (Male) |
| 15:48 | Build | Mining Camp |
| 15:58 | Build | Mining Camp |
| 16:04 | Build | Mining Camp |
| 16:08 | Build | Mining Camp |
| 16:16 | Build | Farm |
| 16:17 | Research | Horse Collar |
| 16:17 | Research | Horse Collar |
| 16:21 | Build | Farm |
| 16:48 | Create | Magyar Huszar |
| 16:51 | Research | Scale Barding Armor |
| 16:53 | Create | Villager (Male) |
| 16:59 | Create | Villager (Male) |
| 17:01 | Create | Magyar Huszar |
| 17:09 | Create | Villager (Male) |
| 17:16 | Create | Magyar Huszar |
| 17:26 | Build | Farm |
| 17:30 | Create | Magyar Huszar |
| 17:35 | Create | Villager (Male) |
| 17:36 | Build | Farm |
| 17:37 | Build | Farm |
| 17:40 | Build | House |
| 17:52 | Create | Magyar Huszar |
| 17:53 | Create | Magyar Huszar |
| 17:59 | Create | Villager (Male) |
| 18:00 | Create | Magyar Huszar |
| 18:00 | Create | Magyar Huszar |
| 18:19 | Build | Farm |
| 18:32 | Create | Magyar Huszar |
| 18:34 | Create | Villager (Male) |
| 18:35 | Build | Farm |
| 18:43 | Build | Palisade Gate |
| 18:55 | Create | Magyar Huszar |
| 18:56 | Create | Magyar Huszar |
| 19:11 | Build | House |
| 19:13 | Build | Farm |
| 19:18 | Create | Magyar Huszar |
| 19:21 | Create | Villager (Male) |
| 19:31 | Create | Magyar Huszar |
| 19:36 | Create | Villager (Male) |
| 19:42 | Build | Farm |
| 19:47 | Create | Villager (Male) |
| 19:50 | Create | Magyar Huszar |
| 19:57 | Create | Villager (Male) |
| 20:06 | Create | Magyar Huszar |
| 20:29 | Create | Villager (Male) |
| 20:31 | Create | Villager (Male) |
| 20:38 | Create | Magyar Huszar |
| 20:38 | Create | Magyar Huszar |
| 20:39 | Create | Villager (Male) |
| 20:40 | Build | Monastery |
| 20:43 | Create | Magyar Huszar |
| 20:54 | Create | Villager (Male) |
| 21:03 | Create | Villager (Male) |
| 21:07 | Create | Magyar Huszar |
| 21:13 | Create | Magyar Huszar |
| 21:21 | Create | Magyar Huszar |
| 21:29 | Create | Villager (Male) |
| 21:49 | Create | Villager (Male) |
| 21:50 | Create | Magyar Huszar |
| 21:55 | Build | Town Center |
| 22:05 | Create | Magyar Huszar |
| 22:06 | Create | Magyar Huszar |
| 22:15 | Build | Farm |
| 22:21 | Build | Farm |
| 22:26 | Create | Villager (Male) |
| 22:29 | Build | House |
| 22:29 | Build | House |
| 22:33 | Create | Magyar Huszar |
| 22:53 | Research | Chain Barding Armor |
| 23:02 | Research | Wheelbarrow |
| 23:03 | Research | Wheelbarrow |
| 23:15 | Create | Magyar Huszar |
| 23:23 | Create | Monk |
| 23:24 | Create | Monk |
| 23:31 | Create | Villager (Male) |
| 23:33 | Create | Villager (Male) |
| 23:38 | Create | Villager (Male) |
| 23:46 | Create | Magyar Huszar |
| 23:47 | Create | Magyar Huszar |
| 23:54 | Create | Villager (Male) |
| 24:06 | Create | Villager (Male) |
| 24:16 | Create | Magyar Huszar |
| 24:23 | Build | Farm |
| 24:25 | Build | Farm |
| 24:29 | Create | Villager (Male) |
Build order — Soma
First 150 of 186 actions detected
| 0:01 | Create | Villager (Male) ×4 |
| 0:01 | Create | Villager (Male) ×4 |
| 0:02 | Build | House |
| 0:03 | Build | House |
| 1:28 | Create | Villager (Male) |
| 1:29 | Create | Villager (Male) |
| 1:50 | Build | Lumber Camp |
| 1:50 | Create | Villager (Male) |
| 2:21 | Create | Villager (Male) |
| 2:22 | Create | Villager (Male) |
| 2:51 | Create | Villager (Male) |
| 2:51 | Create | Villager (Male) |
| 3:33 | Build | House |
| 3:34 | Build | House |
| 3:39 | Create | Villager (Male) |
| 3:39 | Create | Villager (Male) |
| 4:01 | Create | Villager (Male) |
| 4:01 | Create | Villager (Male) |
| 4:36 | Create | Villager (Male) |
| 4:38 | Create | Villager (Male) |
| 4:38 | Create | Villager (Male) |
| 4:54 | Create | Villager (Male) |
| 5:18 | Create | Villager (Male) |
| 6:17 | Create | Villager (Male) |
| 6:45 | Research | Loom |
| 6:45 | Research | Loom |
| 7:10 | Create | Villager (Male) |
| 7:19 | Build | Mining Camp |
| 7:30 | Build | Lumber Camp |
| 7:50 | Research | Feudal Age |
| 7:50 | Research | Feudal Age |
| 7:50 | Research | Feudal Age |
| 8:09 | Build | Barracks |
| 8:10 | Build | Palisade Wall |
| 8:16 | Build | Palisade Wall |
| 8:17 | Build | Palisade Wall |
| 8:19 | Build | Palisade Wall |
| 8:32 | Build | Palisade Wall |
| 8:36 | Build | Palisade Wall |
| 8:52 | Build | Palisade Wall |
| 9:56 | Create | Villager (Male) |
| 10:00 | Age | Feudal Age |
| 10:02 | Build | Archery Range |
| 10:04 | Create | Villager (Male) |
| 10:08 | Build | Archery Range |
| 10:44 | Create | Villager (Male) |
| 10:51 | Create | Villager (Male) |
| 10:53 | Create | Archer |
| 10:57 | Create | Archer |
| 10:57 | Create | Archer |
| 10:58 | Create | Archer |
| 11:04 | Build | House |
| 11:05 | Build | Palisade Wall |
| 11:27 | Create | Villager (Male) |
| 11:37 | Build | Mill |
| 11:42 | Create | Archer |
| 11:42 | Create | Archer |
| 11:43 | Create | Archer |
| 11:52 | Create | Villager (Male) |
| 12:09 | Build | Blacksmith |
| 12:13 | Create | Archer |
| 12:14 | Create | Archer |
| 12:20 | Build | Palisade Wall |
| 12:25 | Create | Villager (Male) |
| 12:29 | Create | Archer |
| 12:50 | Create | Villager (Male) |
| 13:02 | Build | Farm |
| 13:03 | Create | Archer |
| 13:03 | Create | Archer |
| 13:03 | Create | Archer |
| 13:14 | Create | Villager (Male) |
| 13:15 | Create | Archer |
| 13:15 | Create | Archer |
| 13:16 | Create | Archer |
| 13:35 | Build | Farm |
| 13:47 | Research | Fletching |
| 13:47 | Research | Fletching |
| 13:50 | Build | Farm |
| 14:06 | Create | Archer |
| 14:19 | Build | Farm |
| 14:19 | Build | Farm |
| 14:23 | Create | Villager (Male) |
| 14:24 | Create | Villager (Male) |
| 14:30 | Create | Archer |
| 14:30 | Create | Archer |
| 14:34 | Build | Farm |
| 15:15 | Create | Archer |
| 15:16 | Create | Spearman |
| 15:19 | Create | Villager (Male) |
| 15:28 | Research | Town Watch |
| 15:28 | Research | Town Watch |
| 15:28 | Research | Town Watch |
| 15:31 | Build | House |
| 15:32 | Build | House |
| 15:33 | Create | Archer |
| 15:39 | Build | Farm |
| 15:40 | Build | Farm |
| 15:51 | Create | Villager (Male) |
| 15:52 | Create | Archer |
| 15:59 | Create | Villager (Male) |
| 16:17 | Build | Farm |
| 16:33 | Build | Farm |
| 16:33 | Create | Villager (Male) |
| 16:41 | Create | Archer |
| 16:41 | Create | Archer |
| 17:01 | Build | Farm |
| 17:24 | Create | Villager (Male) |
| 17:30 | Build | Farm |
| 17:31 | Build | Farm |
| 17:47 | Create | Villager (Male) |
| 17:50 | Build | Farm |
| 17:53 | Build | Farm |
| 19:00 | Create | Archer |
| 19:10 | Research | Castle Age |
| 19:10 | Research | Castle Age |
| 19:10 | Research | Castle Age |
| 19:28 | Create | Archer |
| 19:28 | Create | Archer |
| 19:28 | Create | Archer |
| 19:57 | Create | Archer |
| 19:57 | Create | Archer |
| 19:57 | Create | Archer |
| 20:11 | Create | Archer |
| 20:11 | Create | Archer |
| 20:11 | Create | Archer |
| 20:38 | Research | Padded Archer Armor |
| 20:38 | Research | Padded Archer Armor |
| 20:56 | Create | Archer |
| 20:56 | Create | Archer |
| 20:57 | Create | Archer |
| 21:18 | Create | Archer |
| 21:18 | Create | Archer |
| 21:33 | Build | House |
| 21:50 | Age | Castle Age |
| 21:57 | Research | Crossbowman (upgrade) |
| 21:57 | Research | Crossbowman (upgrade) |
| 22:09 | Research | Double-Bit Axe |
| 22:09 | Research | Double-Bit Axe |
| 22:10 | Research | Horse Collar |
| 22:10 | Research | Horse Collar |
| 22:28 | Research | Bodkin Arrow |
| 22:28 | Research | Bodkin Arrow |
| 22:33 | Create | Villager (Male) |
| 22:33 | Create | Villager (Male) |
| 22:34 | Create | Villager (Male) |
| 22:34 | Create | Villager (Male) |
| 22:56 | Create | Villager (Male) ×5 |
| 23:04 | Create | Archer |
| 23:04 | Create | Archer |
| 23:05 | Create | Villager (Male) |
Match timeline
| 4:42 | 小米粒 · first_building Barracks |
| 4:51 | 小米粒 · wall_segment Palisade Wall x1 |
| 4:53 | 小米粒 · wall_segment Palisade Wall x1 |
| 5:41 | 小米粒 · wall_segment Palisade Wall x1 |
| 5:42 | 小米粒 · wall_segment Palisade Wall x1 |
| 5:46 | 小少少 · wall_segment Palisade Wall x1 |
| 6:05 | 小少少 · wall_segment Palisade Wall x3 |
| 7:03 | Rainbowlucho · wall_segment Palisade Wall x1 |
| 7:29 | [超雷大黑店]Jian Hei · wall_segment Palisade Wall x1 |
| 7:42 | 小少少 · first_building Barracks |
| 7:43 | 小少少 · wall_segment Palisade Wall x1 |
| 7:44 | 小少少 · wall_segment Palisade Wall x1 |
| 7:55 | 小少少 · wall_segment Palisade Wall x1 |
| 7:55 | 小少少 · wall_segment Palisade Wall x1 |
| 7:55 | [超雷大黑店]Jian Hei · first_building Barracks |
| 7:55 | 小少少 · wall_segment Palisade Wall x1 |
| 8:06 | Hui · first_building Barracks |
| 8:09 | Soma · first_building Barracks |
| 8:10 | Soma · wall_segment Palisade Wall x5 |
| 8:16 | Soma · wall_segment Palisade Wall x3 |
| 8:17 | Soma · wall_segment Palisade Wall x2 |
| 8:19 | Soma · wall_segment Palisade Wall x9 |
| 8:25 | 小少少 · wall_segment Palisade Wall x1 |
| 8:32 | Soma · wall_segment Palisade Wall x5 |
| 8:35 | 小少少 · wall_segment Palisade Wall x7 |
| 8:36 | 小少少 · wall_segment Palisade Wall x4 |
| 8:36 | Soma · wall_segment Palisade Wall x4 |
| 8:44 | Rainbowlucho · first_building Barracks |
| 8:48 | 小米粒 · wall_segment Palisade Wall x18 |
| 8:52 | Soma · wall_segment Palisade Wall x1 |
| 9:15 | 小米粒 · age_up feudal |
| 9:16 | 小少少 · age_up feudal |
| 9:16 | Hui · age_up feudal |
| 9:21 | [超雷大黑店]Jian Hei · age_up feudal |
| 9:22 | Hui · first_building Stable |
| 9:23 | [超雷大黑店]Jian Hei · first_building Stable |
| 9:32 | 小米粒 · wall_segment Palisade Wall x8 |
| 9:35 | Rainbowlucho · age_up feudal |
| 9:42 | Ginger lee fondle your meatballs · age_up feudal |
| 9:53 | ANKR.Blve · wall_segment Palisade Wall x3 |
| 9:54 | Rainbowlucho · first_building Archery Range |
| 9:54 | Hui · wall_segment Palisade Wall x14 |
| 9:58 | Ginger lee fondle your meatballs · first_building Barracks |
| 9:58 | 小米粒 · wall_segment Palisade Wall x12 |
| 10:00 | Soma · age_up feudal |
| 10:02 | Soma · first_building Archery Range |
| 10:08 | ANKR.Blve · wall_segment Palisade Wall x7 |
| 10:18 | ANKR.Blve · wall_segment Palisade Wall x4 |
| 10:40 | 小米粒 · wall_segment Palisade Wall x9 |
| 10:40 | Rainbowlucho · wall_segment Palisade Wall x5 |
| 10:42 | Rainbowlucho · wall_segment Palisade Wall x12 |
| 10:51 | ANKR.Blve · wall_segment Palisade Wall x11 |
| 10:52 | [超雷大黑店]Jian Hei · wall_segment Palisade Wall x1 |
| 10:54 | 小少少 · wall_segment Palisade Wall x1 |
| 10:55 | 小少少 · wall_segment Palisade Wall x1 |
| 10:56 | 小少少 · wall_segment Palisade Wall x2 |
| 10:56 | Rainbowlucho · wall_segment Palisade Wall x6 |
| 11:05 | Soma · wall_segment Palisade Wall x1 |
| 11:13 | 小米粒 · wall_segment Palisade Wall x8 |
| 11:28 | ANKR.Blve · age_up feudal |
| 11:30 | 小米粒 · first_building Archery Range |
| 11:31 | Rainbowlucho · wall_segment Palisade Wall x4 |
| 11:32 | [超雷大黑店]Jian Hei · wall_segment Palisade Wall x12 |
| 11:33 | Rainbowlucho · wall_segment Palisade Wall x10 |
| 11:54 | 小米粒 · wall_segment Palisade Wall x5 |
| 11:55 | Ginger lee fondle your meatballs · first_building Stable |
| 11:56 | 小米粒 · wall_segment Palisade Wall x14 |
| 12:14 | 小少少 · first_building Archery Range |
| 12:20 | Soma · wall_segment Palisade Wall x10 |
| 12:32 | ANKR.Blve · first_market_sell 100 stone |
| 12:41 | [超雷大黑店]Jian Hei · wall_segment Palisade Wall x8 |
| 13:03 | Ginger lee fondle your meatballs · wall_segment Palisade Wall x4 |
| 13:05 | Ginger lee fondle your meatballs · first_market_sell 100 stone |
| 13:06 | ANKR.Blve · wall_segment Palisade Wall x6 |
| 13:45 | [超雷大黑店]Jian Hei · wall_segment Palisade Wall x1 |
| 14:05 | Rainbowlucho · wall_segment Palisade Wall x1 |
| 14:11 | 小米粒 · wall_segment Palisade Wall x6 |
| 14:33 | Hui · wall_segment Palisade Wall x8 |
| 15:21 | Hui · wall_segment Palisade Wall x6 |
| 15:23 | Hui · wall_segment Palisade Wall x18 |
| 15:29 | ANKR.Blve · age_up castle |
| 15:34 | ANKR.Blve · first_building Castle |
| 15:49 | Ginger lee fondle your meatballs · age_up castle |
| 16:07 | Ginger lee fondle your meatballs · wall_segment Palisade Wall x1 |
| 16:08 | Ginger lee fondle your meatballs · wall_segment Palisade Wall x1 |
| 16:19 | 小米粒 · wall_segment Palisade Wall x1 |
| 17:29 | Ginger lee fondle your meatballs · first_market_buy 100 food |
| 18:12 | 小米粒 · wall_segment Palisade Wall x1 |
| 18:45 | Ginger lee fondle your meatballs · first_building Siege Workshop |
| 18:56 | Hui · wall_segment Palisade Wall x1 |
| 19:26 | ANKR.Blve · first_market_buy 100 food |
| 19:36 | 小少少 · wall_segment Palisade Wall x6 |
| 19:55 | Rainbowlucho · first_market_sell 500 wood |
| 19:57 | Rainbowlucho · first_market_buy 100 food |
| 20:02 | Hui · age_up castle |
| 20:23 | 小米粒 · wall_segment Palisade Wall x1 |
| 20:40 | ANKR.Blve · first_building Monastery |
| 21:10 | [超雷大黑店]Jian Hei · age_up castle |
| 21:20 | Ginger lee fondle your meatballs · first_building Monastery |
| 21:29 | 小少少 · first_building Stable |
| 21:42 | [超雷大黑店]Jian Hei · first_market_buy 100 food |
| 21:46 | 小米粒 · age_up castle |
| 21:49 | 小米粒 · first_building Monastery |
| 21:50 | Soma · age_up castle |
| 21:55 | 小米粒 · first_building Siege Workshop |
| 22:36 | 小少少 · age_up castle |
| 22:45 | [超雷大黑店]Jian Hei · first_market_sell 100 wood |
| 22:50 | Ginger lee fondle your meatballs · wall_segment Palisade Wall x3 |
| 22:52 | Ginger lee fondle your meatballs · wall_segment Palisade Wall x1 |
| 22:54 | Ginger lee fondle your meatballs · wall_segment Palisade Wall x2 |
| 22:55 | Rainbowlucho · age_up castle |
| 23:06 | Rainbowlucho · first_building Monastery |
| 23:10 | Ginger lee fondle your meatballs · wall_segment Palisade Wall x3 |
| 24:06 | Ginger lee fondle your meatballs · wall_segment Palisade Wall x5 |
| 25:10 | [超雷大黑店]Jian Hei · first_building Siege Workshop |
| 26:49 | Ginger lee fondle your meatballs · resign |
[ AI ANALYSIS · 1 CREDIT ]
What really happened in this match?
Wolo.gg analyzes every decision: build order, eco, micro, common mistakes by bracket. Personalized analysis on WhatsApp or Discord in 30 seconds.
Civ guide
Vietnamese
Perfil
Jugador #22249146